 Dungeon Sprint DCSS version 0.17-a0-1718-g72dbe4d (webtiles) character file.

1500000 kosy22 the Hellbinder (level 15, -14/88 HPs)
             Began as a Tengu Summoner on Aug 26, 2015.
             Demolished by a meat berserker
             ... wielding a +9 battleaxe
              (49 damage)
             ... in the Dungeon (Sprint VIII: "Arena of Blood").
             The game lasted 00:01:15 (15 turns).

kosy22 the Hellbinder (Tengu Summoner)                Turns: 15, Time: 00:01:15

Health: -14/88     AC:  2    Str: 10    XL:     15   Next: 63%
Magic:  6/39       EV: 29    Int: 18    God:
Gold:   0          SH:  0    Dex: 17    Spells: 1 memorised, 51 levels left

rFire  . . .     SeeInvis .     j - +∞ Axe of Woe
rCold  . . .     Clarity  .     a - +0 robe
rNeg   . . .     SustAt   .     (no shield)
rPois  .         Gourm    .     (helmet restricted)
rElec  .         Spirit   .     (no cloak)
rCorr  .         Warding  .     (no gloves)
rMut   .         NoTele   +     (boots unavailable)
MR     +....                    (no amulet)
Stlth  +++++++...               (no ring)
                                (no ring)

@: somewhat resistant to hostile enchantments, extremely stealthy
A: beak, talons 3, able to fly 2
a: Fly


You were in the Dungeon.
You were not hungry.

You visited 1 branch

Inventory:

Hand weapons
 j - the +∞ Axe of Woe (weapon)
   (You found it in the Dungeon)
Armour
 a - a +0 robe (worn)
Scrolls
 i - a scroll of blinking
Potions
 d - a potion of curing
 e - a potion of heal wounds
 f - a potion of haste
 g - 2 potions of magic
 h - a potion of berserk rage
Books
 b - a book of Callings

   Spells                             Type                      Level
   a - Summon Small Mammal            Summoning                    1
   b - Call Imp                       Summoning                    2
   c - Call Canine Familiar           Summoning                    3
   d - Summon Guardian Golem          Hexes/Summoning              3
   e - Summon Lightning Spire         Summoning/Air                4
   f - Summon Ice Beast               Ice/Summoning                4
Comestibles
 c - a bread ration


   Skills:
 + Level 8.2 Fighting
 + Level 12.3 Axes
 + Level 21.2 Dodging
 + Level 18.3 Stealth
 + Level 19.2 Spellcasting
 O Level 27 Summonings


You had 51 spell levels left.
You knew the following spells:

 Your Spells              Type           Power        Failure   Level  Hunger
a - Summon Small Mammal   Summ           ####         0%          1    None


Dungeon Overview and Level Annotations

Branches:
Dungeon (1/1)

Altars:
Makhleb


Innate Abilities, Weirdness & Mutations

You have a beak for a mouth.
You have claws for feet.
You can fly continuously.


Message History

An orc, an ogre and a hill giant come into view.
A bag of meat comes into view. It is wielding a +9 war axe.
The large bag of meat shouts!
You hear a shout!
The bag of meat shouts! x2
You slash the bag of meat!
You fatally mangle the bag of meat.
You kill the bag of meat!
Your Fighting skill gained 2 levels and is now at level 8!
Your Axes skill gained 2 levels and is now at level 12!
Your Dodging skill increases to level 21!
Your Stealth skill increases to level 18!
Your Spellcasting skill increases to level 19!
You hear a shout!
The meat berserker rages.
You hear a shout! x8
The bag of meat appears out of thin air!
A bag of meat comes into view. It is wielding a +9 war axe.
You hear a shout!
The meat berserker hits you with a +9 battleaxe!!!
Ouch! That really hurt!
You die...

#.. ..# . #..
...# ..###..
...###. .
......###........
......._.........
#.....# .... .
#_.<._# .....
....#.o)).#......
...o..._O@.O.....
..o...###).......
..###.. ...###...
o #.. ..o.# ..
#.....C.#
.........
......o....
..........


You could see a large bag of meat (inner flame), 2 meat berserkers and 5 bags of
meat.

Vanquished Creatures
  An ogre (D)
  4 orcs (D)
5 creatures vanquished.

Notes
Turn   | Place    | Note
--------------------------------------------------------------
     0 | D        | kosy22 the Tengu Summoner began the quest for the Orb.
     0 | D        | Reached XP level 1. HP: 10/10 MP: 4/4
     2 | D        | Noticed a bag of meat
     2 | D        | Noticed a meat berserker
     3 | D        | Noticed a bag of meat
     4 | D        | Noticed a bag of meat
     4 | D        | Noticed a bag of meat
     5 | D        | Noticed a bag of meat
     8 | D        | Killed a bag of meat
     8 | D        | Reached skill level 9 in Dodging
     8 | D        | Reached skill level 26 in Summonings
     8 | D        | Reached XP level 2. HP: 15/15 MP: 4/12
     8 | D        | Reached XP level 3. HP: 19/19 MP: 4/14
     8 | D        | Reached XP level 4. HP: 24/24 MP: 4/15
     8 | D        | Gained mutation: You can fly. [Tengu growth]
     8 | D        | Reached XP level 5. HP: 28/28 MP: 4/17
     8 | D        | Reached XP level 6. HP: 32/32 MP: 4/18
     8 | D        | Reached XP level 7. HP: 36/36 MP: 4/20
     8 | D        | Reached XP level 8. HP: 41/41 MP: 4/21
     8 | D        | Reached XP level 9. HP: 45/45 MP: 4/22
     8 | D        | Reached XP level 10. HP: 50/50 MP: 4/23
     8 | D        | Reached XP level 11. HP: 54/54 MP: 4/24
     8 | D        | Reached XP level 12. HP: 59/59 MP: 4/25
     8 | D        | Killed a meat berserker
     8 | D        | Reached skill level 15 in Spellcasting
     8 | D        | Reached skill level 27 in Summonings
     8 | D        | Reached XP level 13. HP: 63/72 MP: 4/33
     8 | D        | Gained mutation: You can fly continuously. [Tengu growth]
     8 | D        | Reached XP level 14. HP: 66/76 MP: 4/34
     9 | D        | Killed a bag of meat
     9 | D        | Reached skill level 5 in Fighting
    11 | D        | Noticed a meat berserker
    11 | D        | Noticed a bag of meat
    13 | D        | Killed a bag of meat
    13 | D        | Reached skill level 10 in Axes
    13 | D        | Reached XP level 15. HP: 70/84 MP: 5/38
    14 | D        | Noticed a bag of meat
    14 | D        | Noticed a meat berserker
    14 | D        | Noticed a large bag of meat
    14 | D        | Noticed a bag of meat
    15 | D        | Killed a bag of meat
    15 | D        | Demolished by a meat berserker

Vault maps used:
D:        meatsprint

Action                   |  1- 3 |  4- 6 |  7- 9 | 10-12 | 13-15 || total
-------------------------+-------+-------+-------+-------+-------++-------
Melee: Executioner's axe |     1 |       |       |       |     3 ||     4
